 Dungeon Crawl Stone Soup version 0.29-a0-775-g4d7333d4e2 (webtiles) character file.

Game seed: 4501424593663927178

99 Mesmaeker13 the Poker (level 4, -1/41 HPs)
             Began as a Minotaur Monk on July 1, 2022.
             Slain by a water moccasin (7 damage)
             ... on level 6 of the Dungeon.
             The game lasted 00:03:34 (2078 turns).

Mesmaeker13 the Poker (Minotaur Monk)               Turns: 2078, Time: 00:03:35

Health: -1/41      AC: 10    Str: 18    XL:     4   Next: 45%
Magic:  3/3        EV: 10    Int:  7    God:
Gold:   133        SH:  0    Dex: 12    Spells: 3/3 levels left

rFire   + + +      SeeInvis .   a - +0 spear
rCold   . . .      Faith    .   (no shield)
rNeg    . . .      Spirit   .   h - +0 fire dragon scales
rPois   +          Reflect  .   (helmet restricted)
rElec   +          Harm     .   (no cloak)
rCorr   +          Rampage  .   l - +0 pair of gloves
Will    .....                   (no boots)
Stlth   ..........              (no amulet)
HPRegen 0.13/turn               (no ring)
MPRegen 0.08/turn               (no ring)

@: confused, lethally poisoned (-1 -> -17), resistant, ambrosia-drunk
A: horns 2, retaliatory headbutt
a: no special abilities


You were on level 6 of the Dungeon.
You visited 1 branch of the dungeon, and saw 4 of its levels.

You collected 133 gold pieces.

Inventory:

Hand Weapons
 a - a +0 spear (weapon)
 b - a +0 sling
 k - a +1 dagger of venom
Armour
 d - a +0 plate armour
 h - +0 fire dragon scales (worn)
 l - a +0 pair of gloves (worn)
Jewellery
 n - a ring of magical power
Scrolls
 g - 2 scrolls of noise
 i - a scroll of fog
 o - a scroll of teleportation
Potions
 p - a potion of mutation {unknown}
 q - a potion of curing {unknown}


   Skills:
 + Level 4.7 Fighting
 + Level 4.7 Polearms
 + Level 2.7 Armour
 - Level 3.2 Dodging
 - Level 1.5 Stealth


You had 3 spell levels left.
You didn't know any spells.
Your spell library contained the following spells:

 Spells                   Type           Power      Damage    Failure   Level
 Magic Dart               Conj           0%         1d3       88%         1
 Searing Ray              Conj           0%         2d4       96%         2
 Anguish                  Hex/Necr       0%         N/A       100%        4
 Fulminant Prism          Conj/Hex       0%         3d6       100%        4
 Enfeeble                 Hex            0%         N/A       100%        7


Dungeon Overview and Level Annotations

Branches:
Dungeon (3/15)

Altars:


Innate Abilities, Weirdness & Mutations

You have a pair of horns on your head.
You reflexively headbutt those who attack you in melee.


Message History

The water moccasin barely misses you.
You miss the water moccasin.
The water moccasin is heavily wounded.
You feel sick. The water moccasin bites you!
You are more poisoned.
The water moccasin poisons you!
You feel much better.
You feel very sick. The water moccasin bites you.
It was a potion of resistance.
You feel protected.
You feel very sick. The water moccasin closely misses you.
The water moccasin bites you but does no damage.
You barely miss the water moccasin.
The water moccasin is heavily wounded.
You feel very sick. The water moccasin bites you.
You hit the water moccasin.
Your headbutt misses the water moccasin.
The water moccasin is severely wounded.
You feel sick. The water moccasin bites you.
You hit the water moccasin.
The water moccasin is severely wounded.
You feel sick. The water moccasin bites you.
You are lethally poisoned!
The water moccasin poisons you!
You closely miss the water moccasin.
Your headbutt misses the water moccasin.
The water moccasin is severely wounded.
You feel very sick. The water moccasin bites you!
* * * LOW HITPOINT WARNING * * *
The water moccasin bites you but does no damage.
You are confused.
You feel invigorated.
* * * LOW HITPOINT WARNING * * *
You feel very sick. The water moccasin bites you!
You die...

###### ##....##
##..#...####
##.####.....####
##.## ##@S....(#
###.##
#######......
##..## #...!
#...# ### #..##
##.# #.# ###


You could see a water moccasin.

Vanquished Creatures
  Natasha (D:3)
  2 adders
  3 dart slugs
  5 endoplasms
  5 giant cockroaches
  8 hobgoblins
  A quokka (D:2)
  5 ball pythons
  4 bats
  3 frilled lizards
  4 goblins
  5 kobolds
  5 rats
51 creatures vanquished.

Notes
Turn   | Place    | Note
-------+----------+-------------------------------------------
     0 | D:1      | Mesmaeker13 the Minotaur Monk began the quest for the Orb.
     0 | D:1      | Reached XP level 1. HP: 19/19 MP: 0/0
   336 | D:1      | Found a faded altar of an unknown god.
   394 | D:1      | Reached skill level 1 in Armour
   394 | D:1      | Reached XP level 2. HP: 27/27 MP: 1/1
  1075 | D:1      | Reached XP level 3. HP: 24/33 MP: 2/2
  1950 | D:3      | Noticed Natasha
  1958 | D:3      | Killed Natasha
  1959 | D:3      | Reached XP level 4. HP: 41/41 MP: 3/3
  2025 | D:3      | You fall into a shaft and drop 3 floors!
  2059 | D:6      | Noticed a water moccasin
  2078 | D:6      | Slain by a water moccasin

Illustrated notes

Levels and vault maps discovered:
D:1:      matt_arrival_spirals, layout_basic,
          hellmonk_ecumenical_altar_prayer_group, chequers_serial_rivers_micro_a
D:2:      layout_rooms
D:3:      layout_basic, chequers_serial_rivers_large_a, uniq_natasha,
          uniq_sigmund
D:6:      layout_layer_cave

Skill      XL: |  1  2  3 |
---------------+----------+-----
Armour         | 1 2 |  2.7
Polearms       | 4 |  4.7
Fighting       | 4 |  4.7
Dodging        | |  3.2
Stealth        | |  1.5

Action                   |  1- 3 |  4- 6 || total
-------------------------+-------+-------++-------
Melee: Spear             |   128 |    16 ||   144
       Headbutt          |    17 |     1 ||    18
       Punch             |     1 |       ||     1
Throw: Throwing net      |       |     1 ||     1
  Use: Scroll            |       |     4 ||     4
       Potion            |       |     3 ||     3
 Stab: Sleeping          |     1 |       ||     1
Armor: Fire dragon scale |    18 |     7 ||    25
       Robe              |     1 |       ||     1
Dodge: Dodged            |    37 |     5 ||    42

Table legend: (Time is in decaauts)
 A = Elapsed time spent in this place.
 B = Non-inter-level travel time spent in this place.
 C = Inter-level travel time spent in this place.
 D = Time resting spent in this place.
 E = Time spent auto-exploring this place.
 F = Levels seen in this place.
 G = Mean time per level.
                   A        B        C        D        E       F      G
               +--------+--------+--------+--------+--------+-----+--------+
         Total |   2063 |   1998 |     65 |    259 |   1347 |   4 |  515.8 |
       Dungeon |   2063 |   1998 |     65 |    259 |   1347 |   4 |  515.8 |
               +--------+--------+--------+--------+--------+-----+--------+

Top non-repeatable levels by time:
     D:1: 1132 daAuts
     D:2: 633 daAuts
     D:3: 246 daAuts
     D:6: 51 daAuts
